AoeStats
← JoTa

Black Forest

511166270Analyzed
3v3 RM · 1mo ago on Oct 4, 2026· 58m 31s· 6 players
Game mode
Random Map
Map size
Normal (6 player)
Population
200
Speed
Normal
Resources
Standard
Victory
Conquest
Starting age
Dark Age
Ending age
Imperial Age
RankedLock teamsTeams togetherTeam positionsShared explorationLock speedFull tech treeHidden civsTurbo modeCheats
Victory
Defeat
🇧🇷 Franks · Brazil
788
+14
🇵🇪 Britons · Peru
706
+17
🇲🇽 Sicilians · Mexico
611
+22
vs
🇦🇷 Turks · Argentina
765
-19
🇦🇷 Burgundians · Argentina
722
-17
🇦🇷 Britons · Argentina
716
-17
MASTER JARA 117
0:38 Loom
15:19 Feudal Age
16:44 Wheelbarrow
16:05 Double-Bit Axe
20:11 Forging
20:02 Scale Mail Armor
20:17 Arson
24:48 Horse Collar
30:33 Castle Age
29:34 Stone Mining
33:23 Fletching
33:24 Town Watch
36:09 Gold Mining
37:42 Bodkin Arrow
40:41 Stone Shaft Mining
40:44 Gold Shaft Mining
47:22 Stone Shaft Mining
52:58 Imperial Age
52:13 Iron Casting
54:49 Bow Saw
56:21 Bracer
56:45 Caravan
l.zevallos
3:39 Loom
10:45 Feudal Age
11:12 Double-Bit Axe
11:09 Horse Collar
23:25 Castle Age
25:37 Gold Mining
26:00 Bow Saw
25:51 Heavy Plow
25:46 Fletching
25:59 Padded Archer Armor
27:09 Wheelbarrow
30:30 Hand Cart
30:01 Town Watch
32:07 Bodkin Arrow
32:28 Leather Archer Armor
34:29 Yeomen
37:14 Caravan
38:51 Ballistics
38:28 Murder Holes
42:43 Imperial Age
43:27 Bracer
43:58 Ring Archer Armor
43:02 Elite Longbowman
46:05 Chemistry
47:16 Hoardings
47:02 Conscription
46:43 Warwolf
55:31 Two-Man Saw
dangoca
1:04 Loom
12:27 Feudal Age
20:55 Castle Age
19:32 Double-Bit Axe
29:19 Masonry
33:05 Imperial Age
30:36 Pikeman
31:52 Caravan
32:45 Town Watch
33:35 Wheelbarrow
35:04 Chemistry
34:27 Cavalier
35:08 Husbandry
35:17 Gold Mining
35:17 Stone Mining
36:41 Bow Saw
37:53 Paladin
44:17 Fortified Wall
44:03 Murder Holes
43:58 Heavy Scorpion
55:01 Elite Throwing Axeman
56:17 Hoardings
55:05 Halberdier
JoTa
11:16 Double-Bit Axe
13:32 Feudal Age
14:27 Horse Collar
15:14 Heavy Plow
20:14 Forging
23:24 Scale Mail Armor
27:20 Arson
32:24 Castle Age
33:35 Pikeman
34:15 Squires
35:14 Burgundian Vineyards
36:17 Gold Mining
36:18 Stone Mining
37:19 Iron Casting
36:58 Scale Barding Armor
40:31 Loom
47:50 Chain Mail Armor
Mainisquiano
12:45 Feudal Age
14:15 Double-Bit Axe
14:24 Gold Mining
15:02 Loom
15:58 Fishing Lines
17:56 Town Watch
18:50 Wheelbarrow
20:30 Castle Age
21:54 Wheelbarrow
21:44 Bow Saw
23:04 Gillnets
23:37 Town Watch
24:09 Hand Cart
32:23 Imperial Age
31:38 Ballistics
31:45 Town Patrol
32:55 Padded Archer Armor
33:08 Forging
34:36 Capped Ram
35:41 Conscription
34:45 Elite Janissary
37:43 Leather Archer Armor
37:49 Artillery
39:19 Siege Ram
elfabrupaxd
11:09 Loom
13:02 Feudal Age
14:12 Gold Mining
14:08 Double-Bit Axe
16:28 Horse Collar
20:20 Forging
22:27 Castle Age
24:15 Gold Shaft Mining
23:50 Heavy Plow
24:47 Bow Saw
24:06 Pikeman
24:34 Gambesons
24:49 Squires
24:17 Crossbowman
25:29 Stone Mining
26:26 Fletching
26:37 Padded Archer Armor
28:23 Town Watch
33:53 Wheelbarrow
33:22 Town Patrol
36:31 Yeomen
39:01 Imperial Age
37:16 Hand Cart
37:47 Arson
38:07 Bodkin Arrow
38:13 Scale Mail Armor
40:05 Iron Casting
39:47 Leather Archer Armor
39:47 Chain Mail Armor
40:26 Conscription
41:20 Halberdier
43:58 Blast Furnace
42:59 Bracer
44:22 Warwolf
47:07 Plate Mail Armor
48:42 Elite Longbowman
50:37 Ring Archer Armor
Connection lost

Rejoining the realm…

Still unreachable

The connection could not be restored.

Session expired

The server has moved on; the page needs a fresh start.